 Dungeon Crawl Stone Soup version 0.31-a0-233-g139696dc86 (webtiles) character file.

Game seed: 16910121812773508388

60 qw the Shooter (level 3, 0/29 HPs)
             Began as a Minotaur Hexslinger on July 8, 2023.
             Succumbed to a gnoll sergeant's poison
             ... on level 2 of the Dungeon.
             The game lasted 00:00:28 (1303 turns).

qw the Shooter (Minotaur Hexslinger)                Turns: 1303, Time: 00:00:28

Health: 0/29       AC:  3    Str: 12    XL:     3   Next: 80%
Magic:  3/3        EV: 12    Int: 10    God:
Gold:   106        SH:  0    Dex: 14    Spells: 3/4 levels left

rFire   . . .        Y - +2 sling
rCold   . . .        (no shield)
rNeg    . . .        h - +0 leather armour
rPois   .            (helmet restricted)
rElec   .            (no cloak)
rCorr   .            (no gloves)
SInv    .            (no boots)
Will    .....        (no amulet)
Stlth   +            (no ring)
HPRegen 0.24/turn    (no ring)
MPRegen 0.08/turn

%: no passive effects
@: lethally poisoned (0 -> -8), about to teleport, weak-willed
A: horns 2, retaliatory headbutt
a: no special abilities


You were on level 2 of the Dungeon.
You visited 1 branch of the dungeon, and saw 3 of its levels.

You collected 106 gold pieces.


Innate Abilities, Weirdness & Mutations

You have a pair of horns on your head.
You reflexively headbutt those who attack you in melee.


   Skills:
 - Level 2.0 Fighting
 + Level 4.3 Ranged Weapons
 - Level 2.1 Dodging
 - Level 1.0 Spellcasting
 - Level 2.0 Hexes


You had 3 spell levels left.
You knew the following spells:

 Your Spells              Type           Power      Damage    Failure   Level
a - Slow                  Hex            16%        N/A       19%         1

Your spell library contained the following spells:

 Spells                   Type           Power      Damage    Failure   Level
 Inner Flame              Hex/Fire       2%         N/A       65%         3
 Portal Projectile        Hex/Tloc       4%         N/A       65%         3
 Cause Fear               Hex            2%         N/A       88%         4

Inventory:

Hand Weapons
 Y - a +2 sling (weapon)
Armour
 h - a +0 leather armour (worn)
Scrolls
 a - a scroll of teleportation
Potions
 f - a potion of curing
 g - a potion of haste

Dungeon Overview and Level Annotations

Branches:
Dungeon (3/15)

Altars:


Message History

1290 ||| READING scroll labelled OFYAL MAECEAGO.
As you read the scroll labelled OFYAL MAECEAGO, it crumbles to dust.
It is a scroll of enchant weapon.
Your +1 sling glows red for a moment.
Done exploring.
1291 ||| DRINKING 2 amethyst potions.
It was a potion of curing.
You feel better.
Done exploring.
(D) Dungeon
Where to? (* - list waypoints, Enter - D:2, ? - help)
What level of the Dungeon? (default 1, ? - help)
There is a stone staircase leading down here.
You climb downwards.
The gnoll shouts!
You hear a shout! x3; The gnoll shouts!
Found a shiny ring mail.
There is a stone staircase leading up here.
There are monsters nearby!
Waypoint 2 assigned to D:3.
You shoot a sling bullet.
The sling bullet completely misses the gnoll.
The gnoll barely misses you. The gnoll closely misses you.
A gnoll sergeant comes into view. It is wielding a +6 spear of venom.
You shoot a sling bullet.
The sling bullet hits the gnoll sergeant.
The gnoll sergeant is lightly wounded.
The gnoll closely misses you.
The gnoll sergeant completely misses you.
You furiously retaliate!
You headbutt the gnoll sergeant!
The gnoll hits you from afar with a +0 spear.
An endoplasm comes into view.
1301 ||| STAIRDANCE The gnoll sergeant hits you with a +6 spear of venom!
You are poisoned.
The gnoll hits you from afar with a +0 spear.
The gnoll hits you with a +0 flail.
You climb upwards.
You feel very sick.
There is a stone staircase leading down here.
1303 ||| READING 2 scrolls of teleportation.
As you read the scroll of teleportation, it crumbles to dust.
You feel strangely unstable.
You die...

#...# #.......# #...#
#######.####
##.###############......#
##............##.[....#.#
..............##.#.#..#.#
..............##.#....#.#
##..#.........##.#.##.#.#
##..#.#.......##g#.##.#.#
#...#.#.<.)...##@g......#
#.............####.######
#...#.######### #.###
#.###.############...#
#.###...........####.#
......####.####.# #.#
#.###.####.####.####.#
#.###.#..............#
#.......##.####.######


You could see a gnoll sergeant and a gnoll.

Vanquished Creatures
  2 adders (D:2)
  2 worms (D:2)
  A dart slug (D:1)
  5 ball pythons
  4 endoplasms
  5 goblins
  2 hobgoblins
  4 jackals (D:1)
  3 quokkas (D:1)
  A frilled lizard (D:2)
  A kobold (D:2)
  2 rats (D:1)
32 creatures vanquished.

Notes
Turn   | Place    | Note
-------+----------+-------------------------------------------
     0 | D:1      | qw the Minotaur Hexslinger began the quest for the Orb.
     0 | D:1      | Reached XP level 1. HP: 16/16 MP: 1/1
     0 | D:1      | 0 ||| qw: Version: 0.3-a-46-gb1f654a
     0 | D:1      | 0 ||| qw: Game counter: 3707
     0 | D:1      | 0 ||| qw: Melee chars always use a shield: true
     0 | D:1      | 0 ||| qw: God list: Okawaru
     0 | D:1      | 0 ||| qw: Allow faded altars: false
     0 | D:1      | 0 ||| qw: Do Orc after clearing Dungeon:15 true
     0 | D:1      | 0 ||| qw: Do second Lair branch before Depths: true
     0 | D:1      | 0 ||| qw: Lair rune preference: random
     0 | D:1      | 0 ||| qw: Goals: Normal
     0 | D:1      | 0 ||| PLANNING D:1-11
   110 | D:1      | Reached skill level 3 in Ranged Weapons
   110 | D:1      | Reached XP level 2. HP: 17/23 MP: 2/2
   654 | D:1      | 654 ||| DROPPING ring of magical power.
   655 | D:1      | 655 ||| READING 3 scrolls labelled GYNOCZ NICIJ.
   658 | D:1      | 658 ||| READING scroll labelled NIUTIB MOMAW.
   659 | D:1      | 659 ||| DRINKING 2 glowing puce potions.
   660 | D:1      | 660 ||| DROPPING scroll of poison.
   737 | D:2      | Reached XP level 3. HP: 29/29 MP: 3/3
   827 | D:2      | Reached skill level 4 in Ranged Weapons
  1276 | D:2      | 1276 ||| UPGRADING to +0 leather armour.
  1286 | D:2      | 1286 ||| DROPPING +0 robe.
  1287 | D:2      | 1287 ||| READING scroll labelled SUXOILLICK.
  1288 | D:2      | 1288 ||| READING scroll labelled MAOTRI OTON.
  1289 | D:2      | 1289 ||| READING scroll labelled SOFIDUECOE.
  1290 | D:2      | 1290 ||| READING scroll labelled OFYAL MAECEAGO.
  1291 | D:2      | 1291 ||| DRINKING 2 amethyst potions.
  1299 | D:3      | Noticed a gnoll sergeant
  1301 | D:3      | 1301 ||| STAIRDANCE
  1301 | D:3      | HP: 6/29 [gnoll/+0 flail[a gnoll sergeant] (5)]
  1302 | D:2      | HP: 2/29 [poisoned by a gnoll sergeant]
  1303 | D:2      | 1303 ||| READING 2 scrolls of teleportation.
  1303 | D:2      | Succumbed to a gnoll sergeant's poison

Levels and vault maps discovered:
D:1:      eino_arrival_cavern_a, layout_basic
D:2:      layout_loops_cross
D:3:      layout_loops_ring, gammafunk_ghost_abyssal_escape,
          kennysheep_generic_room_15, uniq_sigmund, uniq_natasha

Skill      XL: |  1  2  3 |
---------------+----------+-----
Ranged Weapons | 3 4 |  4.3
Fighting       | 2 |  2.0
Dodging        | |  2.1
Spellcasting   | |  1.0
Hexes          | |  2.0

Action                     || total
---------------------------++-------
   Fire: Sling             ||    99
    Use: Scroll            ||     7
         Potion            ||     2
 Armour: Robe              ||     3
  Dodge: Dodged            ||    28

Table legend:
 A = Non-vault XP
 B = Vault XP
 C = Vault XP percentage of total XP
 D = Non-vault monster count
 E = Vault monster count
 F = Vault count percentage of total count
                 A         B        C        D         E       F
            +---------+---------+-------+---------+---------+-------
      Total |      86 |       0 |   0.0 |      32 |       0 |   0.0
            +---------+---------+-------+---------+---------+-------
        D:1 |      39 |       0 |   0.0 |      21 |       0 |   0.0
        D:2 |      47 |       0 |   0.0 |      11 |       0 |   0.0
            +---------+---------+-------+---------+---------+-------
